 Dungeon Crawl Stone Soup version 0.22.0-38-g04b72b8 (webtiles) character file.

22161 Marcoleric the Cleaver (level 12, -1/118 HPs)
             Began as a Deep Dwarf Fighter on Aug 30, 2018.
             Was the Champion of the Shining One.
             Slain by a troll (3 damage)
             ... on level 11 of the Dungeon.
             The game lasted 00:53:20 (10875 turns).

Marcoleric the Cleaver (Deep Dwarf Fighter)        Turns: 10875, Time: 00:53:20

Health: -1/118     AC: 14    Str: 25    XL:     12   Next: 60%
Magic:  0/0        EV: 10    Int:  9    God:    the Shining One [******]
Gold:   1409       SH: 17    Dex: 12    Spells: 11/11 levels left

rFire    . . .     SeeInvis .   C - +6 war axe (holy)
rCold    + + .     Gourm    .   c - +4 shield
rNeg     + + +     Faith    .   j - +5 ring mail {rF+}
rPois    .         Spirit   +   (no helmet)
rElec    .         Reflect  .   (no cloak)
rCorr    .         Harm     .   p - +0 pair of gloves
MR       ++...                  t - +0 pair of boots
Stlth    +.........             x - amulet of guardian spirit
HPRegen  0.00/turn              r - ring of stealth
MPRegen  0.07/turn              A - ring of ice

@: non-regenerating, glowing, studying 2 skills
A: damage resistance, heal wounds, cold resistance 1, high mp 1, magic
resistance 1, sense surroundings 3, no regeneration
a: Heal Wounds, Divine Shield, Cleansing Flame, Summon Divine Warrior, Renounce
Religion


You were on level 11 of the Dungeon.
You worshipped the Shining One.
The Shining One was exalted by your worship.
You were not hungry.

You visited 4 branches of the dungeon, and saw 15 of its levels.
You also visited: Bailey.

You collected 1499 gold pieces.
You spent 90 gold pieces at shops.

Inventory:

Hand Weapons
 a - a +0 war axe
 C - a +6 war axe of holy wrath (weapon)
Armour
 b - a +0 scale mail
 c - a +4 shield (worn)
 j - a +5 ring mail of fire resistance (worn)
 k - a +0 pair of gloves
 p - a +0 pair of gloves (worn)
 t - a +0 pair of boots (worn)
 v - a +0 large shield
Jewellery
 r - a ring of stealth (left hand)
 x - an amulet of guardian spirit (around neck)
 A - a ring of ice (right hand)
Wands
 n - a wand of digging (6)
 w - a wand of enslavement (5)
 z - a wand of acid (7)
 D - a wand of paralysis (10)
 E - a wand of iceblast (12)
Scrolls
 e - a scroll of amnesia
 h - 3 scrolls of remove curse
 i - a scroll of fear
 l - 2 scrolls of fog
 y - 4 scrolls of teleportation
 B - 2 scrolls of identify
Potions
 g - a potion of magic
 m - 3 potions of degeneration
 o - a potion of flight
 s - a potion of resistance
 u - 2 potions of brilliance
Books
 d - a manual of
Armour
 q - a manual of Shields
Comestibles
 f - 6 rations


   Skills:
 * Level 10.6 Fighting
 + Level 14.4 Axes
 + Level 9.0 Armour
 - Level 0.3 Dodging
 + Level 2.4 Stealth
 + Level 13.4 Shields
 + Level 1.1 Evocations


You had 11 spell levels left.
You didn't know any spells.
Your spell library contained the following spells:

 Spells                   Type           Power        Failure   Level  Hunger
 Animate Skeleton         Necr           N/A          56%         1    ##.....
 Flame Tongue             Conj/Fire      #....        56%         1    ##.....
 Pain                     Necr           #...         56%         1    ##.....
 Throw Flame              Conj/Fire      #.....       71%         2    ###....
 Conjure Flame            Conj/Fire      #.......     91%         3    ####...
 Inner Flame              Hex/Fire       #.......     91%         3    ####...
 Vampiric Draining        Necr           #.........   91%         3    ####...
 Animate Dead             Necr           N/A          100%        4    #####..
 Ice Form                 Ice/Tmut       #.......     100%        4    #####..
 Sticky Flame             Conj/Fire      #.......     100%        4    #####..
 Fireball                 Conj/Fire      #.........   100%        5    ######.
 Metabolic Englaciation   Hex/Ice        #.........   100%        5    ######.
 Bolt of Cold             Conj/Ice       #.........   100%        6    #######
 Freezing Cloud           Conj/Ice/Air   #.........   100%        6    #######
 Ozocubu's Refrigeration  Ice            #.........   100%        6    #######
 Simulacrum               Ice/Necr       #.........   100%        6    #######
 Regeneration             Chrm/Necr      Unusable     N/A         3    N/A

Dungeon Overview and Level Annotations

Branches:
Dungeon (11/15)            Temple (1/1) D:6            Lair (0/6) D:11
    Orc (2/2) D:9             Elf (1/3) Orc:2

Altars:
Ashenzari
Cheibriados
Dithmenos
Elyvilon
Fedhas
Gozag
Hepliaklqana
Kikubaaqudgha
Makhleb
Nemelex Xobeh
Okawaru
Qazlal
Ru
Sif Muna
Trog
Uskayaw
Vehumet
Wu Jian
Xom
Yredelemnul
Zin
The Shining One
Beogh

Shops:
D:6 [   Orc:2 ?((}


Innate Abilities, Weirdness & Mutations

You are resistant to damage.
You can heal yourself by infusing magical energy.
You passively map a large area around you.
You do not regenerate.
Your flesh is cold resistant. (rC+)
You have an increased reservoir of magic. (+10% MP)
You are resistant to hostile enchantments. (MR+)


Message History

The troll barely misses you.
You barely miss the troll. You slash the troll!
The troll is moderately wounded.
You block the troll's attack. The troll barely misses you.
The troll claws you but does no damage.
You slash the troll!
The troll is heavily wounded.
You hit the troll. The troll bites you!
* * * LOW HITPOINT WARNING * * *
You block the troll's attack. The troll claws you but does no damage.
You block the troll's attack. The troll claws you!
* * * LOW HITPOINT WARNING * * *
You block the troll's attack.
You hit the troll but do no damage.
The troll is heavily wounded.
You slash the troll! The troll bites you.
* * * LOW HITPOINT WARNING * * *
You block the troll's attack. The troll claws you.
You die...

..........## ###..#
#...#......##
###...##
####........###
####..####
#..........####...###
*#................###
#.........##....###
#.........###.....#
#........## ##....#
........## #..@.#*
......# ##.TT.# , ..#
*#....# , .# *
.....#* ,,,, .......
........# .........#
, *#.......... * , ,,
* *,,


You could see 2 trolls.

Vanquished Creatures
  2 ogre magi (Orc:2)
  A two-headed ogre (D:10)
  Urug (D:10)
  2 orc high priests (Orc:1)
  A deep elf knight (Elf:1)
  Nergalle (Orc:2)
  7 orc sorcerers (Orc:2)
  5 deep elf magi (Elf:1)
  A cyclops (Orc:1)
  A troll (Orc:1)
  A hornet (shapeshifter) (D:8)
  2 hippogriffs (D:7)
  2 dream sheep (D:9)
  An air elemental (Elf:1)
  9 yaks
  Eustachio (D:6)
  A hungry ghost (D:8)
  Menkaure (D:6)
  Edmund (D:6)
  18 orc warriors
  A porcupine (D:11)
  An ice beast (D:8)
  4 sky beasts
  10 ogres
  3 phantoms (D:9)
  12 centaurs
  4 necrophages (D:8)
  A crocodile (D:10)
  2 big kobolds (D:9)
  11 bullfrogs
  A gnoll sergeant (Orc:2)
  A water moccasin zombie (D:9)
  A wyvern skeleton (D:8)
  A scorpion (D:6)
  6 killer bees (D:8)
  6 wights (D:8)
  A howler monkey (D:6)
  A crimson imp (D:5)
  A centaur zombie (D:7)
  3 bullfrog zombies
  4 hounds
  3 bullfrog skeletons
  6 orc priests
  4 centaur skeletons
  Natasha (thrice) (D:2 D:3)
  2 iguanas
  26 orc wizards
  6 worker ants
  Terence (D:2)
  A killer bee zombie (D:8)
  6 ogre zombies (D:9)
  2 hound zombies
  A howler monkey zombie (D:8)
  2 mummies (D:8)
  Robin (D:3)
  7 gnolls
  10 adders
  5 shadow imps
  2 adder skeletons
  2 dart slugs
  7 leopard geckos
  53 orcs
  5 giant cockroaches
  19 goblins
  8 hobgoblins
  11 jackals
  9 kobolds
  2 quokkas
  A ball python (D:1)
  9 bats
  5 frilled lizards
  3 goblin skeletons (D:9)
  A goblin zombie (D:9)
  4 hobgoblin skeletons (D:9)
  2 hobgoblin zombies (D:9)
  A leopard gecko zombie (D:8)
  9 orc zombies (D:9)
  5 rats
  A fungus (D:11)
  2 withered plants (D:8)
381 creatures vanquished.

Vanquished Creatures (others)
  A fungus (D:11)
  2 plants (D:11)
3 creatures vanquished.

Grand Total: 384 creatures vanquished

Notes
Turn   | Place    | Note
-------+----------+-------------------------------------------
     0 | D:1      | Marcoleric the Deep Dwarf Fighter began the quest for the Orb.
     0 | D:1      | Reached XP level 1. HP: 20/20 MP: 1/1
   145 | D:1      | Reached XP level 2. HP: 23/28 MP: 2/2
   542 | D:1      | Reached XP level 3. HP: 33/34 MP: 3/3
   957 | D:2      | Noticed Natasha
   966 | D:2      | Killed Natasha
   966 | D:2      | Reached skill level 3 in Axes
  1050 | D:2      | Reached XP level 4. HP: 40/42 MP: 4/4
  1050 | D:2      | Noticed Natasha
  1073 | D:2      | Killed Natasha
  1141 | D:2      | Noticed Terence
  1157 | D:2      | Killed Terence
  1157 | D:2      | Reached skill level 4 in Axes
  1194 | D:2      | You fall through a shaft for 2 floors!
  1275 | D:3      | Reached XP level 5. HP: 44/49 MP: 5/5
  1278 | D:3      | Found a shattered altar of Ashenzari.
  1325 | D:3      | Noticed Robin
  1336 | D:3      | Noticed Natasha
  1345 | D:3      | Killed Robin
  1353 | D:3      | Killed Natasha
  1724 | D:2      | Reached skill level 5 in Axes
  2462 | D:4      | Noticed an ogre
  2467 | D:4      | Killed an ogre
  2467 | D:4      | Reached XP level 6. HP: 42/56 MP: 6/6
  2490 | D:4      | Reached skill level 1 in Stealth
  2846 | D:5      | Entered Level 5 of the Dungeon
  2958 | D:5      | Found an ornate altar of the Wu Jian Council.
  3027 | D:5      | Reached skill level 6 in Axes
  3042 | D:5      | Reached XP level 7. HP: 33/63 MP: 6/6
  3445 | D:6      | Found Yghedill's Antique Armour Shoppe.
  3491 | D:6      | Noticed Menkaure
  3876 | D:6      | Found a staircase to the Ecumenical Temple.
  3926 | Temple   | Entered the Ecumenical Temple
  4119 | Temple   | Became a worshipper of the Shining One
  4232 | D:6      | You fall through a shaft!
  4233 | D:7      | Noticed a hippogriff
  4242 | D:7      | Reached skill level 7 in Axes
  4244 | D:7      | Killed a hippogriff
  4244 | D:7      | Reached skill level 5 in Shields
  4244 | D:7      | Reached XP level 8. HP: 57/73 MP: 0/6
  4338 | D:7      | Reached skill level 5 in Armour
  4553 | D:7      | Reached skill level 8 in Axes
  4567 | D:7      | Found a flagged portal.
  4583 | D:7      | Reached * piety under the Shining One
  4619 | Bailey   | Entered a bailey
  4650 | Bailey   | Reached skill level 5 in Fighting
  4807 | Bailey   | Gained mutation: You passively map the area around you. [Deep Dwarf growth]
  4807 | Bailey   | Reached XP level 9. HP: 60/81 MP: 0/7
  4913 | Bailey   | Gained mutation: You passively map a large area around you. [potion of mutation]
  4913 | Bailey   | Gained mutation: You are resistant to hostile enchantments. (MR+) [potion of mutation]
  4913 | Bailey   | Gained mutation: Your flesh is cold resistant. (rC+) [potion of mutation]
  4913 | Bailey   | Gained mutation: You have an increased reservoir of magic. (+10% MP) [potion of mutation]
  4923 | Bailey   | Reached skill level 9 in Axes
  5556 | D:7      | Found a stormy altar of Qazlal.
  5667 | D:6      | Found a sparkling altar of Nemelex Xobeh.
  5708 | D:6      | Reached skill level 10 in Axes
  5870 | D:6      | Killed Menkaure
  6186 | D:6      | Noticed Eustachio
  6220 | D:6      | Killed Eustachio
  6220 | D:6      | Reached XP level 10. HP: 81/92 MP: 0/4
  6250 | D:6      | Noticed Edmund
  6262 | D:6      | Killed Edmund
  6621 | D:8      | Reached ** piety under the Shining One
  6857 | D:8      | Found an ornate altar of the Wu Jian Council.
  7081 | D:8      | Reached skill level 11 in Axes
  7096 | D:8      | Reached *** piety under the Shining One
  7294 | D:8      | Reached skill level 10 in Shields
  7556 | D:8      | Paralysed by a hornet for 2 turns
  7705 | D:9      | Found a staircase to the Orcish Mines.
  7706 | D:9      | Reached **** piety under the Shining One
  7729 | D:9      | Reached ***** piety under the Shining One
  7754 | Orc:1    | Entered Level 1 of the Orcish Mines
  7773 | Orc:1    | Noticed an orc high priest
  7784 | Orc:1    | Killed an orc high priest
  7797 | Orc:1    | Reached skill level 12 in Axes
  7797 | Orc:1    | Reached XP level 11. HP: 75/103 MP: 3/3
  8043 | Orc:1    | Noticed an orc high priest
  8053 | Orc:1    | Noticed a sun demon
  8070 | Orc:1    | Found a roughly hewn altar of Beogh.
  8086 | Orc:1    | Noticed a sixfirhy
  8094 | Orc:1    | Killed an orc high priest
  8339 | Orc:2    | Entered Level 2 of the Orcish Mines
  8413 | Orc:2    | Found a labyrinth entrance.
  8452 | Orc:2    | Found a staircase to the Elven Halls.
  8666 | Orc:2    | Noticed an orc sorcerer
  8676 | Orc:2    | Killed an orc sorcerer
  8680 | Orc:2    | Noticed an orc sorcerer
  8687 | Orc:2    | Found Veheotuf's Magic Scroll Emporium.
  8689 | Orc:2    | Noticed an orc sorcerer
  8691 | Orc:2    | Noticed a soul eater
  8691 | Orc:2    | Killed an orc sorcerer
  8711 | Orc:2    | Noticed a sun demon
  8712 | Orc:2    | Killed an orc sorcerer
  8720 | Orc:2    | Bought a scroll of identify for 30 gold pieces
  8720 | Orc:2    | Bought a scroll of identify for 30 gold pieces
  8720 | Orc:2    | Bought a scroll of identify for 30 gold pieces
  8738 | Orc:2    | Found a radiant altar of Vehumet.
  8738 | Orc:2    | Noticed an ogre mage
  8750 | Orc:2    | Killed an ogre mage
  8754 | Orc:2    | Noticed an orc sorcerer
  8767 | Orc:2    | Killed an orc sorcerer
  8767 | Orc:2    | Reached skill level 13 in Axes
  8774 | Orc:2    | Noticed Nergalle
  8775 | Orc:2    | Noticed an orc sorcerer
  8777 | Orc:2    | Noticed an orc sorcerer
  8778 | Orc:2    | Found an ancient bone altar of Kikubaaqudgha.
  8783 | Orc:2    | Killed an orc sorcerer
  8799 | Orc:2    | Noticed a sixfirhy
  8807 | Orc:2    | Killed an orc sorcerer
  8811 | Orc:2    | Killed Nergalle
  8863 | Orc:2    | Found a roughly hewn altar of Beogh.
  8863 | Orc:2    | Found Paacrext's Antique Weapon Emporium.
  8863 | Orc:2    | Found Culoovos's Antique Weapon Shoppe.
  8864 | Orc:2    | Noticed an ogre mage
  8865 | Orc:2    | Noticed an orc sorcerer
  8885 | Orc:2    | Noticed a sixfirhy
  8886 | Orc:2    | Killed an orc sorcerer
  8916 | Orc:2    | Killed an ogre mage
  8924 | Orc:2    | Found Rujaf's Gadget Emporium.
  9035 | Elf:1    | Entered Level 1 of the Elven Halls
  9045 | Elf:1    | Reached XP level 12. HP: 86/116 MP: 1/1
  9262 | Elf:1    | Reached skill level 10 in Fighting
  9262 | Elf:1    | Reached skill level 1 in Evocations
  9747 | D:9      | Noticed a three-headed hydra
  9783 | D:9      | Reached skill level 14 in Axes
 10234 | D:10     | Entered Level 10 of the Dungeon
 10234 | D:10     | Noticed a two-headed ogre
 10250 | D:10     | Killed a two-headed ogre
 10348 | D:10     | Noticed Urug
 10360 | D:10     | Killed Urug
 10781 | D:11     | Found a staircase to the Lair.
 10800 | D:11     | Reached ****** piety under the Shining One
 10852 | D:11     | Identified a +6 war axe of holy wrath (a +4 war axe of freezing blessed by the Shining One)
 10852 | D:11     | Received a gift from the Shining One
 10874 | D:11     | HP: 4/118 [troll (3)]
 10875 | D:11     | Slain by a troll

Skill      XL: |  1  2  3  4  5  6  7  8  9 10 11 12 |
---------------+-------------------------------------+-----
Fighting       | 3 4 5 6 8 9 10 | 10.6
Axes           | 3 4 5 6 7 8 10 12 13 14 | 14.4
Shields        | 4 5 6 9 10 12 13 | 13.4
Stealth        | 1 2 |  2.4
Armour         | 4 5 6 7 8 9 |  9.0
Evocations     | 1 |  1.1
Dodging        | |  0.3

Action                   |  1- 3 |  4- 6 |  7- 9 | 10-12 || total
-------------------------+-------+-------+-------+-------++-------
Melee: War axe           |   102 |   168 |   353 |   528 ||  1151
Invok: Brand Weapon With |       |       |       |     1 ||     1
 Abil: Heal Wounds       |     1 |     6 |    27 |    25 ||    59
Evoke: Wand              |       |       |       |     6 ||     6
  Use: Scroll            |     3 |     7 |    12 |    10 ||    32
       Potion            |     1 |       |     2 |     6 ||     9
 Stab: Sleeping          |       |     4 |     1 |       ||     5
  Eat: Ration            |       |     2 |     3 |     5 ||    10
       Chunk             |       |       |     3 |       ||     3
Armor: Scale mail        |    50 |     9 |       |       ||    59
       Ring mail         |       |    60 |   173 |   174 ||   407
Dodge: Dodged            |    30 |    70 |   172 |   145 ||   417
Block: Shield            |    50 |   132 |   374 |   466 ||  1022
